[ AOE2 MATCH · #487214161 ]
UnrankedPersians vs Magyars
Player's team · LOSS
[ REPLAY ANALYSIS · EXTRACTED FROM THE RECORDED GAME ]
Feudal
8:51
Castle
19:59
Imperial
—
| APM avg | 79.8 |
| APM peak | 153 |
| eAPM avg | 33.6 |
| Villagers / military | 156 / 109 |
Focus
⚔️ 40.5% · 🌾 59.5%
Knight ×93 · Scout Cavalry ×13 · Monk ×2 · Spearman ×1
Feudal
9:07
Castle
22:15
Imperial
—
| APM avg | 31.5 |
| APM peak | 55 |
| eAPM avg | 16.2 |
| Villagers / military | 116 / 78 |
Focus
⚔️ 30.3% · 🌾 69.7%
Knight ×49 · Scout Cavalry ×25 · Monk ×4
Feudal
8:59
Castle
21:52
Imperial
—
| APM avg | 69.1 |
| APM peak | 112 |
| eAPM avg | 33.5 |
| Villagers / military | 115 / 138 |
Focus
⚔️ 50.2% · 🌾 49.8%
Archer ×137 · Skirmisher ×1
Feudal
8:54
Castle
22:50
Imperial
—
| APM avg | 44.6 |
| APM peak | 77 |
| eAPM avg | 18.6 |
| Villagers / military | 91 / 92 |
Focus
⚔️ 38.8% · 🌾 61.2%
Archer ×92
Feudal
10:04
Castle
31:41
Imperial
—
| APM avg | 44.5 |
| APM peak | 98 |
| eAPM avg | 17.4 |
| Villagers / military | 76 / 35 |
Focus
⚔️ 36.5% · 🌾 63.5%
Archer ×35
Feudal
9:46
Castle
27:11
Imperial
—
| APM avg | 50.8 |
| APM peak | 123 |
| eAPM avg | 27.9 |
| Villagers / military | 78 / 109 |
Focus
⚔️ 55.1% · 🌾 44.9%
Archer ×109
Feudal
9:48
Castle
24:37
Imperial
—
| APM avg | 34.5 |
| APM peak | 68 |
| eAPM avg | 17.3 |
| Villagers / military | 109 / 88 |
Focus
⚔️ 30.3% · 🌾 69.7%
Scout Cavalry ×48 · Knight ×39 · Monk ×1
Feudal
8:51
Castle
29:16
Imperial
—
| APM avg | 40.1 |
| APM peak | 94 |
| eAPM avg | 20.7 |
| Villagers / military | 99 / 69 |
Focus
⚔️ 26.9% · 🌾 73.1%
Knight ×47 · Scout Cavalry ×22
Match map
Initial resources + every placement click. Lines = walls · curves = elevation contours. ◆ gold · ⬟ stone · ● berries · ✦ relic · ◌ wall gap
Your base· ✓ Closed at 19:59 · 52t walls · no gate
小妖's base· Open — 1t gap
|FMG| TINCHO's base· Open — 1t gap
MooN | MooN's base· Open — 3t gap
FMG | Tano Stokes's base· ✓ Closed at 31:41 · 42t walls · 4 gate(s)
Jeremy24k's base· ✓ Closed at 27:11 · 77t walls · 1 gate(s)
ALTAR_KHAN's base· ✓ Closed at 24:37 · 54t walls · no gate
|FMG| pablomac12's base· ✓ Closed at 29:16 · 74t walls · 3 gate(s)
Smoothed initial terrain · ◌ = detected wall gap · hover for details
Inputs per minute
— FMG | Rxon - - 小妖
Build order — FMG | Rxon
First 150 of 443 actions detected
| 0:00 | Create | Villager (Male) |
| 0:01 | Create | Villager (Male) |
| 0:01 | Create | Villager (Male) |
| 0:02 | Build | House |
| 0:03 | Build | House |
| 0:05 | Create | Villager (Male) |
| 0:08 | Create | Villager (Male) |
| 0:08 | Create | Villager (Male) |
| 1:23 | Create | Villager (Male) |
| 1:48 | Create | Villager (Male) |
| 2:26 | Create | Villager (Male) |
| 2:26 | Create | Villager (Male) |
| 2:42 | Create | Villager (Male) |
| 2:42 | Create | Villager (Male) |
| 3:07 | Create | Villager (Male) |
| 3:07 | Create | Villager (Male) |
| 3:19 | Build | House |
| 3:39 | Build | Mill |
| 3:54 | Create | Villager (Male) |
| 4:13 | Create | Villager (Male) |
| 4:36 | Create | Villager (Male) |
| 5:01 | Create | Villager (Male) |
| 5:23 | Create | Villager (Male) |
| 5:31 | Build | Lumber Camp |
| 5:46 | Build | House |
| 5:51 | Create | Villager (Male) |
| 6:16 | Create | Villager (Male) |
| 6:40 | Research | Feudal Age |
| 6:40 | Research | Feudal Age |
| 7:50 | Build | Barracks |
| 8:41 | Create | Villager (Male) |
| 8:51 | Age | Feudal Age |
| 8:54 | Build | Stable |
| 8:56 | Research | Double-Bit Axe |
| 9:00 | Create | Villager (Male) |
| 9:15 | Research | Loom |
| 9:34 | Build | House |
| 9:36 | Build | Palisade Wall |
| 9:39 | Create | Scout Cavalry |
| 9:53 | Build | Mill |
| 9:57 | Create | Villager (Male) |
| 9:59 | Create | Scout Cavalry |
| 10:23 | Create | Villager (Male) |
| 10:31 | Research | Horse Collar |
| 10:34 | Build | Palisade Wall |
| 10:36 | Create | Scout Cavalry |
| 10:40 | Build | Palisade Wall |
| 10:43 | Build | Farm |
| 10:45 | Build | Farm |
| 10:46 | Create | Villager (Male) |
| 10:54 | Build | House |
| 11:00 | Create | Villager (Male) |
| 11:12 | Create | Villager (Male) |
| 11:12 | Create | Scout Cavalry |
| 11:15 | Build | Palisade Wall |
| 11:23 | Build | Farm |
| 11:25 | Build | Farm |
| 11:30 | Create | Villager (Male) |
| 11:33 | Create | Scout Cavalry |
| 11:43 | Build | House |
| 11:56 | Build | Farm |
| 12:07 | Create | Villager (Male) |
| 12:08 | Build | Farm |
| 12:11 | Build | House |
| 12:14 | Create | Villager (Male) |
| 12:18 | Build | Farm |
| 12:24 | Create | Scout Cavalry |
| 12:25 | Create | Spearman |
| 12:35 | Build | Palisade Wall |
| 12:38 | Create | Villager (Male) |
| 12:52 | Create | Villager (Male) |
| 12:54 | Build | House |
| 12:57 | Build | Palisade Wall |
| 13:14 | Create | Scout Cavalry |
| 13:14 | Create | Scout Cavalry |
| 13:17 | Build | Farm |
| 13:18 | Build | Farm |
| 13:19 | Build | Farm |
| 13:24 | Build | Farm |
| 13:24 | Create | Villager (Male) |
| 13:45 | Create | Villager (Male) |
| 13:49 | Build | Farm |
| 14:00 | Build | Palisade Wall |
| 14:03 | Build | Farm |
| 14:16 | Build | Farm |
| 14:16 | Create | Villager (Male) |
| 14:17 | Build | Farm |
| 14:41 | Create | Villager (Male) |
| 14:43 | Create | Scout Cavalry |
| 14:49 | Build | Palisade Wall |
| 14:51 | Build | Palisade Wall |
| 14:53 | Create | Villager (Male) |
| 15:01 | Build | Mining Camp |
| 15:11 | Create | Villager (Male) |
| 15:12 | Create | Scout Cavalry |
| 15:31 | Research | Wheelbarrow |
| 15:39 | Build | Farm |
| 16:03 | Build | Blacksmith |
| 16:14 | Build | House |
| 16:27 | Create | Scout Cavalry |
| 16:49 | Create | Villager (Male) |
| 17:06 | Build | Lumber Camp |
| 17:33 | Research | Castle Age |
| 17:34 | Research | Castle Age |
| 17:47 | Build | Farm |
| 18:03 | Build | Farm |
| 18:10 | Build | Farm |
| 18:12 | Build | Farm |
| 18:17 | Research | Scale Barding Armor |
| 18:23 | Create | Scout Cavalry |
| 18:27 | Build | Stable |
| 18:39 | Research | Bloodlines |
| 18:40 | Research | Bloodlines |
| 19:02 | Research | Gold Mining |
| 19:19 | Research | Forging |
| 19:19 | Research | Forging |
| 19:47 | Create | Scout Cavalry |
| 19:59 | Age | Castle Age |
| 20:04 | Create | Knight |
| 20:04 | Create | Knight |
| 20:04 | Create | Knight |
| 20:10 | Build | Town Center |
| 20:15 | Create | Villager (Male) |
| 20:21 | Create | Villager (Male) |
| 20:23 | Research | Chain Barding Armor |
| 20:24 | Research | Chain Barding Armor |
| 20:27 | Create | Villager (Male) |
| 20:41 | Create | Knight |
| 20:41 | Create | Knight |
| 21:00 | Create | Villager (Male) |
| 21:00 | Create | Villager (Male) |
| 21:09 | Create | Villager (Male) |
| 21:15 | Create | Villager (Male) |
| 21:19 | Create | Knight |
| 21:19 | Create | Knight |
| 21:21 | Create | Villager (Male) |
| 21:48 | Create | Knight |
| 21:50 | Create | Villager (Male) |
| 21:51 | Create | Villager (Male) |
| 21:53 | Build | Farm |
| 21:54 | Build | Farm |
| 21:54 | Build | Farm |
| 21:56 | Build | Farm |
| 22:00 | Build | Stable |
| 22:03 | Create | Knight |
| 22:03 | Create | Knight |
| 22:04 | Create | Villager (Male) |
| 22:14 | Build | House |
| 22:19 | Create | Villager (Male) |
| 22:20 | Create | Villager (Male) |
Build order — 小妖
First 150 of 325 actions detected
| 0:04 | Build | House |
| 0:05 | Create | Villager (Male) ×4 |
| 0:06 | Build | House |
| 1:29 | Create | Villager (Male) |
| 1:29 | Create | Villager (Male) |
| 1:54 | Create | Villager (Male) |
| 2:19 | Build | Lumber Camp |
| 2:26 | Create | Villager (Male) |
| 2:38 | Create | Villager (Male) |
| 3:11 | Create | Villager (Male) |
| 3:38 | Build | House |
| 3:44 | Create | Villager (Male) |
| 3:44 | Create | Villager (Male) |
| 3:44 | Create | Villager (Male) |
| 4:44 | Create | Villager (Male) |
| 4:45 | Create | Villager (Male) |
| 5:06 | Create | Villager (Male) |
| 5:06 | Create | Villager (Male) |
| 5:22 | Build | Mill |
| 6:13 | Research | Loom |
| 6:57 | Research | Feudal Age |
| 7:49 | Build | Barracks |
| 8:38 | Build | House |
| 9:06 | Create | Villager (Male) |
| 9:07 | Age | Feudal Age |
| 9:11 | Build | Stable |
| 9:18 | Research | Horse Collar |
| 9:19 | Create | Villager (Male) |
| 9:39 | Build | Farm |
| 9:42 | Build | Farm |
| 9:44 | Create | Scout Cavalry |
| 9:44 | Create | Scout Cavalry |
| 9:50 | Create | Villager (Male) |
| 9:54 | Create | Scout Cavalry |
| 10:20 | Build | Farm |
| 10:22 | Build | Farm |
| 10:25 | Build | House |
| 10:34 | Build | Palisade Wall |
| 10:39 | Create | Villager (Male) |
| 10:40 | Create | Villager (Male) |
| 10:43 | Create | Scout Cavalry |
| 11:07 | Create | Villager (Male) |
| 11:09 | Build | Farm |
| 11:14 | Research | Double-Bit Axe |
| 11:25 | Create | Villager (Male) |
| 11:56 | Create | Villager (Male) |
| 11:59 | Build | Farm |
| 12:01 | Build | Farm |
| 12:11 | Create | Scout Cavalry |
| 12:15 | Build | Palisade Wall |
| 12:58 | Create | Villager (Male) |
| 13:01 | Build | Farm |
| 13:05 | Build | Mill |
| 13:10 | Create | Scout Cavalry |
| 13:10 | Create | Scout Cavalry |
| 13:11 | Create | Scout Cavalry |
| 13:11 | Create | Scout Cavalry |
| 13:30 | Create | Villager (Male) |
| 13:34 | Build | House |
| 13:38 | Build | House |
| 13:39 | Build | House |
| 13:46 | Build | Blacksmith |
| 13:57 | Create | Villager (Male) |
| 14:07 | Build | Farm |
| 14:08 | Create | Villager (Male) |
| 14:34 | Create | Villager (Male) |
| 14:38 | Research | Scale Barding Armor |
| 14:41 | Build | House |
| 14:44 | Build | Farm |
| 14:48 | Build | Farm |
| 14:49 | Create | Villager (Male) |
| 14:56 | Build | Palisade Wall |
| 15:21 | Create | Villager (Male) |
| 15:23 | Build | Mining Camp |
| 15:43 | Create | Villager (Male) |
| 15:45 | Create | Scout Cavalry |
| 15:45 | Create | Scout Cavalry |
| 15:48 | Create | Villager (Male) |
| 15:48 | Create | Villager (Male) |
| 15:49 | Create | Villager (Male) |
| 15:51 | Build | Farm |
| 15:54 | Build | Farm |
| 16:07 | Create | Scout Cavalry |
| 16:47 | Create | Villager (Male) |
| 16:53 | Create | Villager (Male) |
| 17:11 | Research | Bloodlines |
| 17:23 | Build | Stable |
| 17:25 | Create | Villager (Male) |
| 17:46 | Build | Stable |
| 17:48 | Create | Villager (Male) |
| 17:50 | Build | Farm |
| 18:24 | Create | Villager (Male) |
| 18:27 | Build | Palisade Wall |
| 18:29 | Build | Palisade Gate |
| 18:32 | Build | House |
| 18:42 | Create | Villager (Male) |
| 19:35 | Research | Castle Age |
| 19:35 | Research | Castle Age |
| 20:33 | Research | Gold Mining |
| 20:38 | Build | Farm |
| 20:39 | Build | Farm |
| 20:43 | Create | Scout Cavalry |
| 20:43 | Create | Scout Cavalry |
| 20:44 | Create | Scout Cavalry |
| 20:44 | Create | Scout Cavalry |
| 20:54 | Create | Scout Cavalry |
| 20:55 | Create | Scout Cavalry |
| 20:55 | Create | Scout Cavalry |
| 20:58 | Build | Lumber Camp |
| 21:04 | Build | Farm |
| 21:08 | Create | Scout Cavalry |
| 21:09 | Create | Scout Cavalry |
| 21:44 | Create | Scout Cavalry |
| 21:45 | Create | Scout Cavalry |
| 21:47 | Create | Scout Cavalry |
| 21:48 | Create | Scout Cavalry |
| 22:15 | Age | Castle Age |
| 22:22 | Build | Town Center |
| 22:25 | Research | Chain Barding Armor |
| 22:49 | Research | Light Cavalry (upgrade) |
| 22:49 | Research | Light Cavalry (upgrade) |
| 22:50 | Research | Light Cavalry (upgrade) |
| 23:00 | Create | Knight |
| 23:14 | Create | Knight |
| 23:15 | Create | Knight |
| 23:15 | Create | Knight |
| 23:21 | Create | Villager (Male) |
| 23:22 | Create | Villager (Male) |
| 23:42 | Create | Knight |
| 23:49 | Create | Knight |
| 23:49 | Create | Knight |
| 23:49 | Create | Knight |
| 23:54 | Create | Villager (Male) |
| 23:58 | Build | Farm |
| 23:58 | Build | Farm |
| 24:00 | Build | Farm |
| 24:01 | Build | Farm |
| 24:33 | Create | Villager (Male) |
| 24:41 | Build | Monastery |
| 24:42 | Create | Villager (Male) |
| 24:47 | Create | Knight |
| 24:56 | Build | House |
| 24:58 | Build | House |
| 24:59 | Create | Villager (Male) |
| 25:03 | Build | Farm |
| 25:04 | Create | Villager (Male) |
| 25:17 | Build | Town Center |
| 25:17 | Create | Villager (Male) |
| 25:19 | Create | Villager (Male) |
| 25:35 | Create | Villager (Male) |
Build order — |FMG| TINCHO
First 150 of 420 actions detected
| 0:03 | Research | Loom |
| 0:03 | Research | Loom |
| 0:04 | Build | House |
| 0:05 | Build | House |
| 0:11 | Create | Villager (Male) |
| 0:11 | Create | Villager (Male) |
| 0:12 | Create | Villager (Male) |
| 1:33 | Create | Villager (Male) |
| 1:33 | Create | Villager (Male) |
| 1:53 | Create | Villager (Male) |
| 1:54 | Create | Villager (Male) |
| 1:59 | Build | Lumber Camp |
| 2:35 | Create | Villager (Male) |
| 2:36 | Create | Villager (Male) |
| 2:39 | Create | Villager (Male) |
| 3:07 | Build | House |
| 3:12 | Create | Villager (Male) |
| 3:12 | Create | Villager (Male) |
| 3:32 | Create | Villager (Male) |
| 4:02 | Create | Villager (Male) |
| 4:02 | Create | Villager (Male) |
| 4:32 | Create | Villager (Male) |
| 4:32 | Create | Villager (Male) |
| 4:51 | Create | Villager (Male) |
| 4:53 | Create | Villager (Male) |
| 5:21 | Create | Villager (Male) |
| 5:22 | Create | Villager (Male) |
| 5:37 | Build | Mining Camp |
| 6:49 | Research | Feudal Age |
| 6:49 | Research | Feudal Age |
| 7:22 | Build | House |
| 7:29 | Build | Palisade Wall |
| 8:16 | Build | Barracks |
| 8:23 | Create | Villager (Male) |
| 8:59 | Age | Feudal Age |
| 9:02 | Research | Double-Bit Axe |
| 9:09 | Build | Archery Range |
| 9:12 | Create | Villager (Male) |
| 9:28 | Build | Archery Range |
| 9:30 | Create | Villager (Male) |
| 9:37 | Build | House |
| 9:46 | Create | Villager (Male) |
| 9:54 | Create | Villager (Male) |
| 9:56 | Build | House |
| 10:02 | Create | Archer |
| 10:05 | Create | Villager (Male) |
| 10:20 | Create | Archer |
| 10:30 | Create | Archer |
| 10:33 | Create | Villager (Male) |
| 10:34 | Build | Palisade Wall |
| 10:45 | Create | Archer |
| 10:58 | Create | Villager (Male) |
| 11:05 | Build | Blacksmith |
| 11:07 | Create | Archer |
| 11:09 | Create | Villager (Male) |
| 11:38 | Build | House |
| 11:46 | Create | Archer |
| 12:00 | Research | Fletching |
| 12:00 | Research | Fletching |
| 12:07 | Create | Villager (Male) |
| 12:09 | Build | Mill |
| 12:14 | Build | House |
| 12:16 | Build | Palisade Wall |
| 12:17 | Build | Palisade Wall |
| 12:24 | Create | Skirmisher |
| 12:24 | Create | Archer |
| 12:32 | Build | House |
| 12:36 | Create | Villager (Male) |
| 12:41 | Build | Farm |
| 12:42 | Build | Farm |
| 12:53 | Create | Archer |
| 13:09 | Create | Villager (Male) |
| 13:37 | Create | Archer |
| 13:39 | Create | Archer |
| 13:39 | Create | Archer |
| 13:39 | Create | Villager (Male) |
| 13:42 | Build | Farm |
| 13:42 | Build | Farm |
| 13:42 | Build | Farm |
| 13:42 | Build | Farm |
| 13:43 | Create | Villager (Male) |
| 13:51 | Create | Archer |
| 13:51 | Create | Archer |
| 14:11 | Create | Archer |
| 14:11 | Create | Archer |
| 14:15 | Create | Villager (Male) |
| 14:17 | Build | Farm |
| 14:17 | Build | Farm |
| 14:17 | Build | Farm |
| 14:17 | Build | Farm |
| 14:32 | Create | Archer |
| 14:38 | Create | Villager (Male) |
| 14:46 | Create | Archer |
| 14:54 | Build | Farm |
| 14:56 | Create | Archer |
| 15:23 | Create | Archer |
| 15:29 | Create | Archer |
| 15:38 | Create | Villager (Male) |
| 15:54 | Create | Villager (Male) |
| 15:55 | Create | Archer |
| 15:57 | Create | Villager (Male) |
| 15:59 | Build | Archery Range |
| 16:01 | Create | Archer |
| 16:02 | Create | Villager (Male) |
| 16:05 | Build | Farm |
| 16:10 | Create | Villager (Male) |
| 16:12 | Create | Archer |
| 16:17 | Create | Villager (Male) |
| 16:29 | Build | House |
| 16:32 | Build | Palisade Wall |
| 16:35 | Build | Palisade Wall |
| 16:37 | Create | Archer |
| 16:46 | Build | Farm |
| 16:47 | Build | Farm |
| 16:59 | Create | Archer |
| 17:01 | Create | Archer |
| 17:03 | Create | Villager (Male) |
| 17:09 | Create | Archer |
| 17:10 | Create | Archer |
| 17:15 | Create | Archer |
| 17:26 | Create | Villager (Male) |
| 17:49 | Build | House |
| 17:50 | Build | Farm |
| 17:52 | Build | Farm |
| 18:00 | Create | Archer |
| 18:11 | Build | House |
| 18:18 | Build | Farm |
| 18:28 | Create | Archer |
| 18:42 | Create | Archer |
| 18:51 | Build | House |
| 19:12 | Research | Castle Age |
| 19:12 | Research | Castle Age |
| 19:38 | Build | House |
| 19:45 | Build | Lumber Camp |
| 19:51 | Create | Archer |
| 19:51 | Create | Archer |
| 19:53 | Research | Gold Mining |
| 19:53 | Research | Gold Mining |
| 20:08 | Create | Archer |
| 20:10 | Create | Archer |
| 20:14 | Research | Padded Archer Armor |
| 20:24 | Create | Archer |
| 20:41 | Create | Villager (Male) |
| 20:45 | Create | Archer |
| 20:56 | Build | Archery Range |
| 20:58 | Create | Archer |
| 21:08 | Research | Horse Collar |
| 21:13 | Create | Archer |
| 21:20 | Build | House |
| 21:24 | Create | Archer |
Build order — MooN | MooN
First 150 of 267 actions detected
| 0:00 | Create | Villager (Male) |
| 0:01 | Create | Villager (Male) |
| 0:03 | Build | House |
| 0:04 | Build | House |
| 0:10 | Create | Villager (Male) |
| 0:11 | Create | Villager (Male) |
| 1:20 | Create | Villager (Male) |
| 1:23 | Build | Lumber Camp |
| 1:54 | Create | Villager (Male) |
| 2:33 | Create | Villager (Male) |
| 2:52 | Create | Villager (Male) |
| 3:20 | Create | Villager (Male) |
| 3:41 | Create | Villager (Male) |
| 3:52 | Build | House |
| 4:12 | Create | Villager (Male) |
| 4:33 | Create | Villager (Male) |
| 4:44 | Create | Villager (Male) |
| 5:10 | Create | Villager (Male) |
| 5:36 | Create | Villager (Male) |
| 5:36 | Create | Villager (Male) |
| 5:38 | Research | Loom |
| 6:00 | Build | Mining Camp |
| 6:42 | Research | Feudal Age |
| 7:25 | Build | Barracks |
| 7:30 | Build | House |
| 8:37 | Create | Villager (Male) |
| 8:54 | Age | Feudal Age |
| 8:56 | Build | Archery Range |
| 8:58 | Build | Archery Range |
| 9:02 | Create | Villager (Male) |
| 9:16 | Build | House |
| 9:22 | Build | House |
| 9:29 | Create | Villager (Male) |
| 9:35 | Build | Mill |
| 9:51 | Create | Archer |
| 9:51 | Create | Archer |
| 9:52 | Create | Archer |
| 9:58 | Create | Archer |
| 10:02 | Create | Villager (Male) |
| 10:29 | Create | Villager (Male) |
| 10:30 | Create | Archer |
| 10:43 | Create | Archer |
| 10:43 | Create | Archer |
| 10:56 | Build | Farm |
| 11:02 | Create | Archer |
| 11:03 | Create | Villager (Male) |
| 11:03 | Create | Villager (Male) |
| 11:06 | Build | House |
| 11:08 | Build | House |
| 11:21 | Create | Villager (Male) |
| 11:37 | Create | Villager (Male) |
| 11:42 | Create | Archer |
| 11:42 | Create | Archer |
| 12:17 | Build | Blacksmith |
| 12:20 | Create | Archer |
| 12:21 | Create | Villager (Male) |
| 12:24 | Create | Archer |
| 12:57 | Create | Villager (Male) |
| 12:58 | Create | Archer |
| 12:58 | Create | Archer |
| 13:10 | Research | Fletching |
| 13:10 | Create | Villager (Male) |
| 13:13 | Build | House |
| 13:15 | Build | House |
| 13:31 | Create | Archer |
| 13:32 | Create | Archer |
| 13:56 | Create | Villager (Male) |
| 13:57 | Create | Archer |
| 14:13 | Create | Villager (Male) |
| 14:13 | Create | Archer |
| 14:15 | Build | Farm |
| 14:16 | Build | Farm |
| 14:16 | Build | Farm |
| 14:41 | Create | Villager (Male) |
| 14:42 | Create | Archer |
| 14:42 | Create | Archer |
| 14:43 | Build | Farm |
| 15:00 | Create | Villager (Male) |
| 15:04 | Build | Farm |
| 15:09 | Create | Villager (Male) |
| 15:10 | Create | Archer |
| 15:31 | Build | House |
| 15:32 | Build | House |
| 15:41 | Create | Archer |
| 15:59 | Create | Villager (Male) |
| 16:01 | Build | Farm |
| 16:42 | Create | Villager (Male) |
| 16:43 | Create | Archer |
| 16:43 | Create | Archer |
| 16:44 | Build | Farm |
| 17:12 | Create | Villager (Male) |
| 17:13 | Create | Archer |
| 17:13 | Create | Archer |
| 17:15 | Build | Farm |
| 17:35 | Create | Villager (Male) |
| 17:40 | Build | House |
| 17:41 | Build | House |
| 17:49 | Create | Villager (Male) |
| 17:54 | Build | Farm |
| 18:51 | Build | Market |
| 19:21 | Create | Archer |
| 19:21 | Create | Archer |
| 19:29 | Build | Palisade Wall |
| 19:45 | Create | Villager (Male) |
| 19:47 | Build | House |
| 19:48 | Build | House |
| 19:50 | Research | Castle Age |
| 20:22 | Create | Archer |
| 20:22 | Create | Archer |
| 20:23 | Create | Archer |
| 20:48 | Research | Padded Archer Armor |
| 20:55 | Create | Archer |
| 20:55 | Create | Archer |
| 21:10 | Create | Villager (Male) |
| 21:11 | Create | Archer |
| 21:15 | Build | Farm |
| 21:19 | Research | Double-Bit Axe |
| 21:21 | Create | Archer |
| 21:22 | Create | Archer |
| 22:03 | Create | Archer |
| 22:03 | Create | Archer |
| 22:31 | Build | House |
| 22:46 | Build | Palisade Wall |
| 22:50 | Age | Castle Age |
| 22:53 | Research | Crossbowman (upgrade) |
| 22:57 | Build | University |
| 23:08 | Create | Archer |
| 23:08 | Create | Archer |
| 23:30 | Research | Bodkin Arrow |
| 23:33 | Create | Archer |
| 23:34 | Create | Archer |
| 23:53 | Build | Lumber Camp |
| 24:03 | Create | Villager (Male) |
| 24:03 | Create | Villager (Male) |
| 24:03 | Create | Archer |
| 24:04 | Create | Archer |
| 24:28 | Create | Villager (Male) |
| 24:29 | Create | Archer |
| 24:44 | Create | Villager (Male) |
| 24:50 | Create | Villager (Male) |
| 24:57 | Build | Town Center |
| 25:02 | Create | Archer |
| 25:03 | Create | Archer |
| 25:04 | Create | Villager (Male) |
| 25:17 | Build | House |
| 25:26 | Create | Villager (Male) |
| 25:27 | Create | Archer |
| 25:28 | Create | Archer |
| 25:28 | Create | Archer |
| 25:43 | Build | Town Center |
Build order — FMG | Tano Stokes
First 150 of 187 actions detected
| 0:00 | Create | Villager (Male) |
| 0:01 | Create | Villager (Male) |
| 0:01 | Create | Villager (Male) |
| 0:03 | Build | House |
| 0:04 | Build | House |
| 0:09 | Create | Villager (Male) |
| 0:10 | Create | Villager (Male) |
| 0:10 | Create | Villager (Male) |
| 1:35 | Create | Villager (Male) |
| 1:35 | Create | Villager (Male) |
| 2:01 | Create | Villager (Male) |
| 2:34 | Create | Villager (Male) |
| 2:34 | Create | Villager (Male) |
| 2:51 | Create | Villager (Male) |
| 2:51 | Create | Villager (Male) |
| 3:21 | Create | Villager (Male) |
| 3:21 | Create | Villager (Male) |
| 3:40 | Create | Villager (Male) |
| 3:40 | Create | Villager (Male) |
| 4:07 | Create | Villager (Male) |
| 4:19 | Build | Lumber Camp |
| 4:33 | Create | Villager (Male) |
| 4:33 | Create | Villager (Male) |
| 4:41 | Research | Loom |
| 4:44 | Build | House |
| 4:45 | Build | House |
| 4:47 | Create | Villager (Male) |
| 5:04 | Create | Villager (Male) |
| 5:44 | Build | Mill |
| 5:47 | Create | Villager (Male) |
| 6:19 | Create | Villager (Male) |
| 6:19 | Create | Villager (Male) |
| 7:54 | Research | Feudal Age |
| 8:21 | Build | Barracks |
| 8:33 | Build | Mining Camp |
| 9:10 | Create | Villager (Male) |
| 9:43 | Build | House |
| 9:58 | Build | House |
| 10:04 | Age | Feudal Age |
| 10:06 | Build | Archery Range |
| 10:11 | Build | Archery Range |
| 10:17 | Create | Villager (Male) |
| 10:35 | Create | Villager (Male) |
| 11:03 | Build | Blacksmith |
| 11:04 | Create | Archer |
| 11:05 | Create | Archer |
| 11:07 | Create | Villager (Male) |
| 11:08 | Create | Villager (Male) |
| 11:34 | Create | Archer |
| 11:35 | Create | Archer |
| 11:42 | Create | Archer |
| 11:47 | Build | House |
| 11:49 | Build | Palisade Wall |
| 11:55 | Create | Villager (Male) |
| 12:12 | Create | Archer |
| 12:13 | Create | Archer |
| 12:24 | Build | Mill |
| 12:50 | Build | House |
| 12:53 | Build | Palisade Gate |
| 13:12 | Create | Villager (Male) |
| 13:13 | Create | Villager (Male) |
| 13:14 | Create | Archer |
| 13:15 | Create | Archer |
| 13:15 | Create | Archer |
| 14:04 | Research | Fletching |
| 14:05 | Create | Villager (Male) |
| 14:06 | Create | Villager (Male) |
| 14:26 | Create | Villager (Male) |
| 14:26 | Create | Villager (Male) |
| 14:45 | Build | Farm |
| 14:46 | Build | Farm |
| 14:46 | Build | Farm |
| 14:46 | Build | Farm |
| 15:31 | Create | Villager (Male) |
| 15:31 | Create | Villager (Male) |
| 15:58 | Build | House |
| 16:00 | Build | House |
| 16:05 | Build | Palisade Wall |
| 17:10 | Create | Villager (Male) |
| 17:10 | Create | Villager (Male) |
| 17:11 | Create | Villager (Male) |
| 18:00 | Build | Farm |
| 18:00 | Build | Farm |
| 18:00 | Build | Farm |
| 18:38 | Build | Palisade Wall |
| 18:46 | Create | Villager (Male) |
| 18:47 | Create | Villager (Male) |
| 19:44 | Create | Villager (Male) |
| 19:44 | Create | Villager (Male) |
| 19:57 | Build | Palisade Wall |
| 19:59 | Build | Palisade Wall |
| 20:11 | Create | Villager (Male) |
| 20:45 | Create | Villager (Male) |
| 21:12 | Create | Villager (Male) |
| 21:16 | Create | Archer |
| 21:16 | Create | Archer |
| 21:17 | Create | Archer |
| 21:25 | Create | Villager (Male) |
| 21:35 | Build | Palisade Wall |
| 21:44 | Create | Archer |
| 21:44 | Create | Archer |
| 21:44 | Create | Archer |
| 22:14 | Create | Villager (Male) |
| 22:14 | Create | Villager (Male) |
| 22:15 | Create | Archer |
| 22:15 | Create | Archer |
| 22:40 | Create | Archer |
| 22:41 | Create | Archer |
| 22:56 | Build | House |
| 23:02 | Build | House |
| 23:06 | Create | Archer |
| 23:07 | Create | Villager (Male) |
| 23:07 | Create | Villager (Male) |
| 23:07 | Create | Villager (Male) |
| 23:11 | Build | Farm |
| 23:11 | Build | Farm |
| 23:11 | Build | Farm |
| 23:12 | Build | Farm |
| 23:12 | Build | Farm |
| 23:15 | Research | Double-Bit Axe |
| 23:16 | Research | Horse Collar |
| 23:18 | Research | Gold Mining |
| 23:32 | Create | Archer |
| 23:32 | Create | Archer |
| 23:42 | Build | House |
| 23:47 | Build | Lumber Camp |
| 23:48 | Create | Villager (Male) |
| 23:48 | Create | Villager (Male) |
| 23:59 | Create | Archer |
| 23:59 | Create | Archer |
| 24:51 | Build | Farm |
| 24:51 | Build | Farm |
| 24:51 | Build | Farm |
| 24:51 | Build | Farm |
| 24:52 | Build | Farm |
| 24:52 | Build | Farm |
| 24:53 | Create | Villager (Male) |
| 24:54 | Create | Archer |
| 24:54 | Create | Archer |
| 25:04 | Create | Archer |
| 25:05 | Create | Archer |
| 25:35 | Build | House |
| 25:37 | Build | House |
| 25:38 | Build | House |
| 25:41 | Create | Villager (Male) |
| 25:41 | Create | Villager (Male) |
| 25:46 | Create | Archer |
| 25:46 | Create | Archer |
| 25:47 | Research | Padded Archer Armor |
| 25:54 | Build | Market |
Build order — Jeremy24k
First 150 of 304 actions detected
| 0:02 | Create | Villager (Male) |
| 0:02 | Create | Villager (Male) |
| 0:02 | Create | Villager (Male) |
| 0:02 | Create | Villager (Male) |
| 0:03 | Create | Villager (Male) |
| 0:03 | Build | House |
| 0:07 | Build | House |
| 1:27 | Create | Villager (Male) |
| 1:56 | Build | Lumber Camp |
| 2:02 | Create | Villager (Male) |
| 2:03 | Create | Villager (Male) |
| 2:22 | Create | Villager (Male) |
| 2:23 | Create | Villager (Male) |
| 2:53 | Create | Villager (Male) |
| 2:53 | Create | Villager (Male) |
| 3:16 | Create | Villager (Male) |
| 3:16 | Create | Villager (Male) |
| 3:28 | Create | Villager (Male) |
| 3:57 | Build | House |
| 4:06 | Create | Villager (Male) |
| 4:06 | Create | Villager (Male) |
| 4:25 | Create | Villager (Male) |
| 4:26 | Create | Villager (Male) |
| 4:28 | Build | Mill |
| 4:56 | Create | Villager (Male) |
| 4:56 | Create | Villager (Male) |
| 5:19 | Create | Villager (Male) |
| 5:19 | Create | Villager (Male) |
| 5:24 | Research | Loom |
| 5:24 | Create | Villager (Male) |
| 5:41 | Create | Villager (Male) |
| 6:25 | Create | Villager (Male) |
| 6:32 | Build | House |
| 6:53 | Build | Mining Camp |
| 7:17 | Build | Palisade Wall |
| 7:18 | Build | Palisade Wall |
| 7:18 | Build | Palisade Wall |
| 7:19 | Build | Palisade Wall |
| 7:20 | Build | Palisade Wall |
| 7:36 | Research | Feudal Age |
| 7:36 | Research | Feudal Age |
| 7:50 | Build | Barracks |
| 8:19 | Build | Palisade Wall |
| 8:20 | Build | Palisade Wall |
| 8:20 | Build | Palisade Wall |
| 8:32 | Create | Villager (Male) |
| 9:23 | Create | Villager (Male) |
| 9:36 | Build | Palisade Wall |
| 9:46 | Age | Feudal Age |
| 9:52 | Build | Archery Range |
| 10:04 | Create | Villager (Male) |
| 10:38 | Build | Archery Range |
| 10:56 | Create | Villager (Male) |
| 10:56 | Create | Villager (Male) |
| 11:06 | Create | Archer |
| 11:06 | Create | Archer |
| 11:14 | Build | House |
| 11:18 | Build | Palisade Wall |
| 11:27 | Create | Archer |
| 11:27 | Create | Archer |
| 11:35 | Create | Villager (Male) |
| 11:46 | Build | House |
| 12:01 | Create | Archer |
| 12:01 | Create | Archer |
| 12:02 | Create | Archer |
| 12:27 | Create | Archer |
| 12:31 | Build | Blacksmith |
| 12:33 | Build | House |
| 12:36 | Build | House |
| 12:53 | Build | Blacksmith |
| 12:55 | Build | House |
| 12:56 | Build | Palisade Wall |
| 13:07 | Create | Archer |
| 13:07 | Create | Archer |
| 13:33 | Create | Villager (Male) |
| 13:39 | Create | Villager (Male) |
| 13:58 | Research | Fletching |
| 14:04 | Create | Villager (Male) |
| 14:04 | Create | Villager (Male) |
| 14:04 | Create | Villager (Male) |
| 14:09 | Build | House |
| 14:13 | Build | House |
| 14:41 | Build | Palisade Wall |
| 14:44 | Create | Archer |
| 14:45 | Create | Archer |
| 14:57 | Build | Palisade Wall |
| 15:09 | Build | Mill |
| 15:17 | Create | Archer |
| 15:39 | Create | Archer |
| 15:40 | Create | Archer |
| 16:04 | Create | Archer |
| 16:04 | Create | Archer |
| 16:24 | Create | Villager (Male) |
| 16:24 | Create | Villager (Male) |
| 16:29 | Build | House |
| 16:32 | Build | Palisade Wall |
| 16:37 | Create | Archer |
| 16:37 | Create | Archer |
| 16:55 | Create | Villager (Male) |
| 17:04 | Create | Archer |
| 17:13 | Build | Farm |
| 17:16 | Build | Farm |
| 17:19 | Build | Farm |
| 17:23 | Create | Villager (Male) |
| 17:28 | Build | Market |
| 17:46 | Build | House |
| 17:49 | Build | House |
| 17:49 | Build | House |
| 17:53 | Create | Archer |
| 17:53 | Create | Archer |
| 17:54 | Create | Archer |
| 17:55 | Create | Villager (Male) |
| 17:55 | Create | Villager (Male) |
| 17:56 | Create | Villager (Male) |
| 18:09 | Create | Archer |
| 18:09 | Create | Archer |
| 18:10 | Create | Archer |
| 18:20 | Build | Palisade Wall |
| 18:27 | Create | Archer |
| 18:27 | Create | Archer |
| 18:32 | Build | House |
| 18:37 | Create | Archer |
| 18:44 | Create | Villager (Male) |
| 18:44 | Create | Villager (Male) |
| 18:44 | Create | Villager (Male) |
| 18:45 | Create | Villager (Male) |
| 18:50 | Create | Archer |
| 18:50 | Create | Archer |
| 18:59 | Build | Farm |
| 19:11 | Build | Palisade Wall |
| 19:12 | Build | Palisade Wall |
| 19:13 | Build | Palisade Wall |
| 19:17 | Create | Villager (Male) |
| 19:17 | Create | Villager (Male) |
| 19:37 | Create | Archer |
| 19:37 | Create | Archer |
| 19:41 | Build | Farm |
| 19:44 | Create | Villager (Male) |
| 20:05 | Build | House |
| 20:07 | Build | House |
| 20:10 | Build | House |
| 20:11 | Build | House |
| 20:17 | Build | Gate |
| 20:26 | Build | Gate |
| 20:28 | Build | Stone Wall |
| 20:30 | Create | Villager (Male) |
| 20:34 | Create | Villager (Male) |
| 20:38 | Build | Farm |
| 20:42 | Create | Villager (Male) |
| 20:44 | Create | Archer |
Build order — ALTAR_KHAN
First 150 of 272 actions detected
| 0:01 | Create | Villager (Male) ×4 |
| 0:02 | Build | House |
| 0:03 | Build | House |
| 1:48 | Create | Villager (Male) |
| 1:48 | Create | Villager (Male) |
| 1:48 | Create | Villager (Male) |
| 2:24 | Create | Villager (Male) |
| 2:24 | Create | Villager (Male) |
| 2:30 | Create | Villager (Male) |
| 2:30 | Create | Villager (Male) |
| 2:56 | Create | Villager (Male) |
| 2:56 | Create | Villager (Male) |
| 3:09 | Build | House |
| 3:29 | Create | Villager (Male) |
| 3:29 | Create | Villager (Male) |
| 3:54 | Create | Villager (Male) |
| 3:54 | Create | Villager (Male) |
| 4:24 | Create | Villager (Male) |
| 4:24 | Create | Villager (Male) |
| 4:49 | Build | Mill |
| 5:18 | Build | House |
| 5:58 | Create | Villager (Male) |
| 6:10 | Build | Lumber Camp |
| 6:14 | Create | Villager (Male) |
| 6:40 | Create | Villager (Male) |
| 6:47 | Research | Loom |
| 7:20 | Research | Feudal Age |
| 7:53 | Create | Villager (Male) |
| 8:03 | Build | Palisade Wall |
| 8:18 | Build | Palisade Wall |
| 8:22 | Build | Palisade Wall |
| 8:41 | Build | Palisade Wall |
| 8:50 | Create | Villager (Male) |
| 9:00 | Build | House |
| 9:48 | Age | Feudal Age |
| 9:50 | Build | Stable |
| 9:57 | Research | Double-Bit Axe |
| 10:32 | Create | Villager (Male) |
| 10:32 | Create | Villager (Male) |
| 10:46 | Build | House |
| 11:05 | Create | Scout Cavalry |
| 11:05 | Create | Scout Cavalry |
| 11:20 | Build | Palisade Wall |
| 11:24 | Build | Palisade Wall |
| 11:25 | Build | Palisade Wall |
| 11:30 | Create | Scout Cavalry |
| 11:35 | Research | Horse Collar |
| 11:40 | Build | Farm |
| 11:53 | Create | Scout Cavalry |
| 11:57 | Create | Villager (Male) |
| 11:57 | Create | Villager (Male) |
| 12:05 | Build | Farm |
| 12:12 | Create | Scout Cavalry |
| 12:21 | Build | Blacksmith |
| 12:22 | Build | House |
| 12:45 | Create | Villager (Male) |
| 13:11 | Create | Scout Cavalry |
| 13:33 | Create | Scout Cavalry |
| 13:36 | Build | House |
| 13:37 | Build | House |
| 13:46 | Create | Villager (Male) |
| 13:46 | Create | Villager (Male) |
| 13:50 | Build | Farm |
| 13:53 | Build | Farm |
| 13:56 | Build | Mining Camp |
| 14:03 | Create | Scout Cavalry |
| 14:18 | Create | Villager (Male) |
| 14:18 | Create | Villager (Male) |
| 14:35 | Create | Villager (Male) |
| 14:39 | Build | House |
| 14:43 | Build | Palisade Wall |
| 14:44 | Build | Palisade Wall |
| 14:45 | Build | Palisade Wall |
| 14:47 | Create | Villager (Male) |
| 14:47 | Create | Villager (Male) |
| 14:49 | Build | House |
| 14:51 | Build | House |
| 14:56 | Build | Farm |
| 14:58 | Build | Farm |
| 15:00 | Build | Farm |
| 15:01 | Build | Farm |
| 15:25 | Create | Scout Cavalry |
| 15:26 | Create | Villager (Male) |
| 15:53 | Create | Scout Cavalry |
| 15:59 | Create | Villager (Male) |
| 16:03 | Build | Stable |
| 16:15 | Create | Villager (Male) |
| 16:17 | Build | Farm |
| 16:18 | Build | Farm |
| 16:26 | Build | Blacksmith |
| 16:31 | Build | House |
| 16:35 | Create | Scout Cavalry |
| 16:53 | Create | Scout Cavalry |
| 16:56 | Create | Villager (Male) |
| 17:01 | Build | Farm |
| 17:03 | Build | Farm |
| 17:07 | Build | Farm |
| 17:09 | Build | Farm |
| 17:10 | Build | Farm |
| 17:13 | Build | Farm |
| 17:15 | Build | Farm |
| 17:17 | Create | Scout Cavalry |
| 17:37 | Build | Farm |
| 17:44 | Create | Villager (Male) |
| 17:47 | Create | Scout Cavalry |
| 17:49 | Create | Villager (Male) |
| 17:49 | Create | Villager (Male) |
| 17:52 | Build | House |
| 17:53 | Build | House |
| 17:54 | Build | House |
| 18:07 | Research | Scale Barding Armor |
| 18:12 | Create | Villager (Male) |
| 18:12 | Create | Villager (Male) |
| 18:28 | Create | Scout Cavalry |
| 18:28 | Create | Scout Cavalry |
| 18:39 | Create | Scout Cavalry |
| 18:43 | Build | Farm |
| 18:47 | Build | Farm |
| 18:49 | Build | Farm |
| 18:57 | Create | Villager (Male) |
| 18:57 | Create | Villager (Male) |
| 19:10 | Build | House |
| 19:18 | Research | Bloodlines |
| 19:25 | Create | Villager (Male) |
| 19:31 | Create | Scout Cavalry |
| 19:34 | Create | Villager (Male) |
| 19:49 | Create | Villager (Male) |
| 19:55 | Create | Villager (Male) |
| 20:01 | Research | Forging |
| 20:02 | Research | Forging |
| 20:18 | Build | Farm |
| 20:33 | Create | Villager (Male) |
| 20:43 | Build | Farm |
| 21:10 | Create | Villager (Male) |
| 21:32 | Build | Farm |
| 21:43 | Build | Farm |
| 21:57 | Research | Castle Age |
| 21:58 | Research | Castle Age |
| 22:33 | Build | Stable |
| 22:43 | Create | Villager (Male) |
| 22:43 | Create | Villager (Male) |
| 22:46 | Research | Gold Mining |
| 24:13 | Build | House |
| 24:22 | Build | House |
| 24:26 | Build | House |
| 24:34 | Build | House |
| 24:37 | Age | Castle Age |
| 24:38 | Build | House |
| 24:40 | Create | Knight |
| 24:40 | Create | Knight |
Build order — |FMG| pablomac12
First 150 of 294 actions detected
| 0:00 | Create | Villager (Male) |
| 0:01 | Create | Villager (Male) |
| 0:01 | Create | Villager (Male) |
| 0:02 | Build | House |
| 0:04 | Build | House |
| 0:10 | Create | Villager (Male) |
| 0:10 | Create | Villager (Male) |
| 1:32 | Create | Villager (Male) |
| 1:32 | Create | Villager (Male) |
| 1:44 | Build | Mill |
| 1:50 | Create | Villager (Male) |
| 2:20 | Create | Villager (Male) |
| 2:53 | Create | Villager (Male) |
| 2:53 | Create | Villager (Male) |
| 3:33 | Create | Villager (Male) |
| 3:33 | Create | Villager (Male) |
| 3:40 | Build | House |
| 3:47 | Create | Villager (Male) |
| 4:24 | Create | Villager (Male) |
| 4:43 | Create | Villager (Male) |
| 5:15 | Build | Lumber Camp |
| 5:18 | Create | Villager (Male) |
| 5:48 | Create | Villager (Male) |
| 6:10 | Create | Villager (Male) |
| 6:40 | Research | Feudal Age |
| 8:06 | Build | Barracks |
| 8:20 | Build | House |
| 8:30 | Research | Loom |
| 8:32 | Create | Villager (Male) |
| 8:51 | Age | Feudal Age |
| 9:00 | Create | Villager (Male) |
| 9:04 | Build | Stable |
| 9:09 | Build | House |
| 9:14 | Research | Double-Bit Axe |
| 9:20 | Create | Villager (Male) |
| 9:35 | Create | Villager (Male) |
| 9:49 | Create | Scout Cavalry |
| 9:49 | Create | Scout Cavalry |
| 9:49 | Create | Scout Cavalry |
| 10:08 | Build | House |
| 10:16 | Build | Mill |
| 10:16 | Create | Villager (Male) |
| 10:24 | Build | Palisade Wall |
| 10:32 | Create | Villager (Male) |
| 10:34 | Create | Villager (Male) |
| 10:42 | Build | Palisade Wall |
| 11:03 | Create | Villager (Male) |
| 11:17 | Create | Scout Cavalry |
| 11:17 | Create | Scout Cavalry |
| 11:35 | Build | Farm |
| 11:37 | Build | Farm |
| 11:38 | Build | Farm |
| 11:38 | Build | Farm |
| 11:38 | Build | Farm |
| 11:38 | Build | Farm |
| 11:59 | Create | Villager (Male) |
| 12:20 | Create | Villager (Male) |
| 12:22 | Create | Scout Cavalry |
| 12:23 | Create | Scout Cavalry |
| 12:57 | Build | Farm |
| 12:57 | Build | Farm |
| 12:57 | Build | Farm |
| 12:57 | Build | Farm |
| 12:57 | Build | Farm |
| 13:01 | Create | Villager (Male) |
| 13:01 | Create | Villager (Male) |
| 13:28 | Create | Villager (Male) |
| 13:35 | Build | Blacksmith |
| 13:37 | Build | House |
| 13:37 | Build | House |
| 13:51 | Create | Scout Cavalry |
| 13:52 | Create | Scout Cavalry |
| 14:02 | Create | Villager (Male) |
| 14:18 | Create | Villager (Male) |
| 14:32 | Build | Farm |
| 14:32 | Build | Farm |
| 14:33 | Build | Farm |
| 14:47 | Build | Palisade Wall |
| 14:51 | Create | Villager (Male) |
| 15:01 | Create | Villager (Male) |
| 15:01 | Create | Villager (Male) |
| 15:03 | Create | Scout Cavalry |
| 15:03 | Create | Scout Cavalry |
| 15:03 | Create | Scout Cavalry |
| 15:08 | Build | Palisade Wall |
| 15:28 | Create | Villager (Male) |
| 15:34 | Build | Farm |
| 15:34 | Build | Farm |
| 15:34 | Build | Farm |
| 15:46 | Research | Scale Barding Armor |
| 16:11 | Research | Forging |
| 16:16 | Build | Farm |
| 16:23 | Build | Palisade Wall |
| 16:29 | Build | Palisade Wall |
| 16:34 | Create | Villager (Male) |
| 16:34 | Create | Villager (Male) |
| 16:46 | Create | Scout Cavalry |
| 16:47 | Create | Scout Cavalry |
| 16:47 | Create | Scout Cavalry |
| 17:15 | Build | House |
| 17:16 | Build | House |
| 17:24 | Create | Scout Cavalry |
| 17:35 | Build | Market |
| 17:43 | Create | Villager (Male) |
| 17:56 | Create | Scout Cavalry |
| 17:57 | Create | Scout Cavalry |
| 18:02 | Build | Palisade Gate |
| 18:06 | Build | Palisade Gate |
| 18:11 | Build | House |
| 18:14 | Build | House |
| 18:23 | Build | House |
| 18:27 | Build | House |
| 18:30 | Create | Villager (Male) |
| 18:33 | Build | House |
| 18:39 | Create | Villager (Male) |
| 19:05 | Build | Watch Tower |
| 19:07 | Create | Villager (Male) |
| 19:12 | Create | Scout Cavalry |
| 19:12 | Create | Scout Cavalry |
| 19:23 | Build | Palisade Gate |
| 19:26 | Build | House |
| 19:27 | Create | Villager (Male) |
| 19:33 | Create | Villager (Male) |
| 19:39 | Build | Palisade Gate |
| 19:45 | Build | House |
| 20:06 | Build | Mining Camp |
| 20:07 | Create | Villager (Male) |
| 20:29 | Build | Watch Tower |
| 20:36 | Create | Villager (Male) |
| 20:37 | Create | Villager (Male) |
| 20:43 | Create | Scout Cavalry |
| 20:43 | Create | Scout Cavalry |
| 21:00 | Create | Villager (Male) |
| 21:18 | Create | Villager (Male) |
| 22:09 | Build | Stable |
| 22:09 | Create | Villager (Male) |
| 22:28 | Build | Farm |
| 22:29 | Build | Farm |
| 22:29 | Build | Farm |
| 22:29 | Build | Farm |
| 23:05 | Create | Villager (Male) |
| 23:11 | Create | Villager (Male) |
| 23:32 | Create | Villager (Male) |
| 23:38 | Build | Farm |
| 23:38 | Build | Farm |
| 23:38 | Build | Farm |
| 24:13 | Build | Lumber Camp |
| 24:15 | Create | Villager (Male) |
| 24:40 | Build | Farm |
| 24:46 | Build | House |
Match timeline
| 7:17 | Jeremy24k · wall_segment Palisade Wall x1 |
| 7:18 | Jeremy24k · wall_segment Palisade Wall x1 |
| 7:18 | Jeremy24k · wall_segment Palisade Wall x1 |
| 7:19 | Jeremy24k · wall_segment Palisade Wall x1 |
| 7:20 | Jeremy24k · wall_segment Palisade Wall x1 |
| 7:25 | MooN | MooN · first_building Barracks |
| 7:29 | |FMG| TINCHO · wall_segment Palisade Wall x1 |
| 7:49 | 小妖 · first_building Barracks |
| 7:50 | Jeremy24k · first_building Barracks |
| 7:50 | FMG | Rxon · first_building Barracks |
| 8:03 | ALTAR_KHAN · wall_segment Palisade Wall x9 |
| 8:06 | |FMG| pablomac12 · first_building Barracks |
| 8:16 | |FMG| TINCHO · first_building Barracks |
| 8:18 | ALTAR_KHAN · wall_segment Palisade Wall x1 |
| 8:19 | Jeremy24k · wall_segment Palisade Wall x1 |
| 8:20 | Jeremy24k · wall_segment Palisade Wall x1 |
| 8:20 | Jeremy24k · wall_segment Palisade Wall x1 |
| 8:21 | FMG | Tano Stokes · first_building Barracks |
| 8:22 | ALTAR_KHAN · wall_segment Palisade Wall x6 |
| 8:41 | ALTAR_KHAN · wall_segment Palisade Wall x11 |
| 8:51 | |FMG| pablomac12 · age_up feudal |
| 8:51 | FMG | Rxon · age_up feudal |
| 8:54 | MooN | MooN · age_up feudal |
| 8:54 | FMG | Rxon · first_building Stable |
| 8:56 | MooN | MooN · first_building Archery Range |
| 8:59 | |FMG| TINCHO · age_up feudal |
| 9:04 | |FMG| pablomac12 · first_building Stable |
| 9:07 | 小妖 · age_up feudal |
| 9:09 | |FMG| TINCHO · first_building Archery Range |
| 9:11 | 小妖 · first_building Stable |
| 9:36 | Jeremy24k · wall_segment Palisade Wall x1 |
| 9:36 | FMG | Rxon · wall_segment Palisade Wall x7 |
| 9:46 | Jeremy24k · age_up feudal |
| 9:48 | ALTAR_KHAN · age_up feudal |
| 9:50 | ALTAR_KHAN · first_building Stable |
| 9:52 | Jeremy24k · first_building Archery Range |
| 10:04 | FMG | Tano Stokes · age_up feudal |
| 10:06 | FMG | Tano Stokes · first_building Archery Range |
| 10:24 | |FMG| pablomac12 · wall_segment Palisade Wall x9 |
| 10:34 | |FMG| TINCHO · wall_segment Palisade Wall x1 |
| 10:34 | FMG | Rxon · wall_segment Palisade Wall x5 |
| 10:34 | 小妖 · wall_segment Palisade Wall x7 |
| 10:40 | FMG | Rxon · wall_segment Palisade Wall x5 |
| 10:42 | |FMG| pablomac12 · wall_segment Palisade Wall x11 |
| 11:15 | FMG | Rxon · wall_segment Palisade Wall x7 |
| 11:18 | Jeremy24k · wall_segment Palisade Wall x6 |
| 11:20 | ALTAR_KHAN · wall_segment Palisade Wall x1 |
| 11:24 | ALTAR_KHAN · wall_segment Palisade Wall x1 |
| 11:25 | ALTAR_KHAN · wall_segment Palisade Wall x11 |
| 11:49 | FMG | Tano Stokes · wall_segment Palisade Wall x1 |
| 12:15 | 小妖 · wall_segment Palisade Wall x11 |
| 12:16 | |FMG| TINCHO · wall_segment Palisade Wall x1 |
| 12:17 | |FMG| TINCHO · wall_segment Palisade Wall x3 |
| 12:35 | FMG | Rxon · wall_segment Palisade Wall x9 |
| 12:56 | Jeremy24k · wall_segment Palisade Wall x1 |
| 12:57 | FMG | Rxon · wall_segment Palisade Wall x8 |
| 14:00 | FMG | Rxon · wall_segment Palisade Wall x2 |
| 14:41 | Jeremy24k · wall_segment Palisade Wall x13 |
| 14:43 | ALTAR_KHAN · wall_segment Palisade Wall x4 |
| 14:44 | ALTAR_KHAN · wall_segment Palisade Wall x4 |
| 14:45 | ALTAR_KHAN · wall_segment Palisade Wall x7 |
| 14:47 | |FMG| pablomac12 · wall_segment Palisade Wall x16 |
| 14:49 | FMG | Rxon · wall_segment Palisade Wall x2 |
| 14:51 | FMG | Rxon · wall_segment Palisade Wall x7 |
| 14:56 | 小妖 · wall_segment Palisade Wall x10 |
| 14:57 | Jeremy24k · wall_segment Palisade Wall x9 |
| 15:08 | |FMG| pablomac12 · wall_segment Palisade Wall x1 |
| 16:05 | FMG | Tano Stokes · wall_segment Palisade Wall x1 |
| 16:23 | |FMG| pablomac12 · wall_segment Palisade Wall x25 |
| 16:29 | |FMG| pablomac12 · wall_segment Palisade Wall x10 |
| 16:32 | |FMG| TINCHO · wall_segment Palisade Wall x9 |
| 16:32 | Jeremy24k · wall_segment Palisade Wall x10 |
| 16:35 | |FMG| TINCHO · wall_segment Palisade Wall x9 |
| 18:20 | Jeremy24k · wall_segment Palisade Wall x8 |
| 18:27 | 小妖 · wall_segment Palisade Wall x1 |
| 18:38 | FMG | Tano Stokes · wall_segment Palisade Wall x4 |
| 19:11 | Jeremy24k · wall_segment Palisade Wall x1 |
| 19:12 | Jeremy24k · wall_segment Palisade Wall x1 |
| 19:13 | Jeremy24k · wall_segment Palisade Wall x1 |
| 19:29 | MooN | MooN · wall_segment Palisade Wall x9 |
| 19:49 | MooN | MooN · first_market_buy 100 food |
| 19:57 | FMG | Tano Stokes · wall_segment Palisade Wall x7 |
| 19:59 | FMG | Tano Stokes · wall_segment Palisade Wall x5 |
| 19:59 | FMG | Rxon · age_up castle |
| 20:28 | Jeremy24k · wall_segment Stone Wall x1 |
| 21:28 | Jeremy24k · wall_segment Palisade Wall x8 |
| 21:35 | FMG | Tano Stokes · wall_segment Palisade Wall x7 |
| 21:52 | |FMG| TINCHO · age_up castle |
| 21:54 | Jeremy24k · first_market_sell 500 food |
| 21:55 | Jeremy24k · first_market_buy 100 stone |
| 22:14 | Jeremy24k · wall_segment Stone Wall x10 |
| 22:15 | 小妖 · age_up castle |
| 22:46 | MooN | MooN · wall_segment Palisade Wall x9 |
| 22:50 | MooN | MooN · age_up castle |
| 24:37 | ALTAR_KHAN · age_up castle |
| 24:41 | 小妖 · first_building Monastery |
| 24:52 | |FMG| pablomac12 · wall_segment Palisade Wall x1 |
| 24:53 | |FMG| pablomac12 · wall_segment Palisade Wall x1 |
| 25:27 | |FMG| pablomac12 · first_market_buy 100 food |
| 26:26 | FMG | Tano Stokes · wall_segment Stone Wall x18 |
| 26:50 | |FMG| TINCHO · first_market_buy 100 stone |
| 27:11 | Jeremy24k · age_up castle |
| 28:59 | |FMG| pablomac12 · wall_segment Palisade Wall x1 |
| 29:16 | |FMG| pablomac12 · age_up castle |
| 30:01 | FMG | Tano Stokes · wall_segment Palisade Wall x1 |
| 31:05 | FMG | Rxon · first_market_sell 100 wood |
| 31:14 | ALTAR_KHAN · first_building Monastery |
| 31:41 | FMG | Tano Stokes · age_up castle |
| 31:52 | FMG | Tano Stokes · first_market_sell 100 food |
| 35:18 | |FMG| TINCHO · first_building Siege Workshop |
| 36:16 | FMG | Rxon · first_building Monastery |
| 36:36 | MooN | MooN · resign |
[ AI ANALYSIS · 1 CREDIT ]
What really happened in this match?
Wolo.gg analyzes every decision: build order, eco, micro, common mistakes by bracket. Personalized analysis on WhatsApp or Discord in 30 seconds.
Civ guide
Persians
Perfil
Jugador #1780624